 Dungeon Crawl Stone Soup version 0.24.0-125-gc4c63601f3 (webtiles) character file.

Game seed: 9265427833866408817, levelgen mode: deterministic

172 Kaiern the Sneak (level 5, -3/24 HPs)
             Began as a Spriggan Enchanter on Mar 22, 2020.
             Slain by an ogre
             ... wielding a +0 giant club
              (27 damage)
             ... on level 3 of the Dungeon.
             The game lasted 00:20:55 (4045 turns).

Kaiern the Sneak (Spriggan Enchanter)               Turns: 4045, Time: 00:20:56

Health: -3/24      AC:  2    Str:  4    XL:     5   Next: 27%
Magic:  5/12       EV: 20    Int: 18    God:
Gold:   127        SH:  0    Dex: 16    Spells: 3/12 levels left

rFire    . . .     SeeInvis +   a - +1 dagger
rCold    . . .     Gourm    .   (shield restricted)
rNeg     . . .     Faith    .   b - +0 robe
rPois    .         Spirit   .   (helmet restricted)
rElec    .         Reflect  .   (no cloak)
rCorr    .         Harm     .   (gloves unavailable)
MR       .....                  (boots unavailable)
Stlth    ++++......             (no amulet)
HPRegen  0.08/turn              m - ring of stealth
MPRegen  0.13/turn              (no ring)

@: very quick
A: very small, unfitting armour, see invisible, herbivore, speed 3, slow
metabolism 2
a: no special abilities


You were on level 3 of the Dungeon.
You were not hungry.

You visited 1 branch of the dungeon, and saw 3 of its levels.

You collected 127 gold pieces.

Inventory:

Hand Weapons
 a - a +1 dagger (weapon)
Missiles
 p - 21 poisoned darts (quivered)
Armour
 b - a +0 robe (worn)
Jewellery
 m - a ring of stealth (left hand)
Scrolls
 e - 2 scrolls of teleportation {unknown}
 g - 3 scrolls of fog {unknown}
 h - 4 scrolls of identify {unknown}
 i - 2 scrolls of enchant armour {unknown}
 o - a scroll of remove curse {unknown}
Potions
 c - a potion of heal wounds {unknown}
 f - a potion of ambrosia {unknown}
 j - 2 potions of might {unknown}
 k - 4 potions of curing {unknown}
 l - 2 potions of brilliance {unknown}
 n - a potion of cancellation {unknown}
Comestibles
 d - 3 rations


   Skills:
 - Level 1.1 Short Blades
 + Level 4.5 Dodging
 + Level 6.1 Stealth
 + Level 4.0 Spellcasting
 + Level 4.9 Hexes


You had 3 spell levels left.
You knew the following spells:

 Your Spells              Type           Power        Failure   Level  Hunger
a - Corona                Hex            ###....      1%          1    None
b - Ensorcelled Hibernat  Hex/Ice        ##....       9%          2    ##.....
c - Confuse               Hex            ###.....     6%          3    ###....
d - Tukima's Dance        Hex            ###.....     6%          3    ###....

Your spell library contained the following spells:

 Spells                   Type           Power        Failure   Level  Hunger
 Dazzling Spray           Conj/Hex       ##....       16%         3    ###....


Dungeon Overview and Level Annotations

Branches:
Dungeon (3/15)

Altars:
Hepliaklqana
Makhleb
Wu Jian
Zin


Innate Abilities, Weirdness & Mutations

You are very small and have problems with some larger weapons.
You are too small for most types of armour.
You have supernaturally acute eyesight. (SInv)
You are a herbivore.
You cover ground extremely quickly.
You need to consume almost no food.


Message History

You don't know that spell.
Unknown command.
Casting: Ensorcelled Hibernation (safe; 9% risk of failure)
Confirm with . or Enter, or press ? or * to list all spells.
Aiming: Ensorcelled Hibernation (safe; 9% risk of failure)
Press: ? - help, Shift-Dir - straight line, f/p - ogre
Aim: an ogre, wielding a +0 giant club (chance to defeat MR: 43%)
The ogre resists with some effort.
Casting: Ensorcelled Hibernation (safe; 9% risk of failure)
Confirm with . or Enter, or press ? or * to list all spells.
Aiming: Ensorcelled Hibernation (safe; 9% risk of failure)
Press: ? - help, Shift-Dir - straight line, f/p - ogre
Aim: an ogre, wielding a +0 giant club (chance to defeat MR: 43%)
The ogre looks drowsy...
The helpless ogre fails to defend itself.
You impale the ogre!!
The ogre is severely wounded.
The ogre hits you with a +0 giant club!!
Ouch! That really hurt!
You die...

#.## #.....### #.... #..#
#.......# #.#.. ##.#
#.....#.# ##.##. #.#
#.....#.# #....# #.#
#######.# #>.##. #.# #.#
######..##. #.# #.#
#[..)...... #.# ######O#
#†####..##. #.# #.<..@.# #.#
#..### #.# #.###### #.# #..#
#.# #.# #######.####..###
#.# #.# #.....".....)....
#.#####.####.#####.##<......
#............# #.##.##.##.
#######)###### #.##.##.###
#.# #.##.##.# # #.######
##.##.##.#


You could see an ogre.

Vanquished Creatures
  An orc wizard (D:3)
  4 adders
  A river rat (D:3)
  3 worms (D:2)
  5 dart slugs
  2 leopard geckos
  4 orcs
  2 ball pythons (D:3)
  8 bats
  3 giant cockroaches
  9 goblins
  9 hobgoblins
  A quokka (D:3)
  6 frilled lizards
  6 kobolds
  6 rats
70 creatures vanquished.

Vanquished Creatures (collateral kills)
  2 orcs (D:3)
2 creatures vanquished.

Vanquished Creatures (others)
  A dancing weapon (D:3)
1 creature vanquished.

Grand Total: 73 creatures vanquished

Notes
Turn   | Place    | Note
-------+----------+-------------------------------------------
     0 | D:1      | Kaiern the Spriggan Enchanter began the quest for the Orb.
     0 | D:1      | Reached XP level 1. HP: 9/9 MP: 5/5
   410 | D:1      | Reached XP level 2. HP: 13/13 MP: 6/6
   417 | D:1      | Learned a level 2 spell: Ensorcelled Hibernation
  1129 | D:1      | Reached skill level 5 in Stealth
  1344 | D:2      | Reached XP level 3. HP: 16/16 MP: 8/8
  1582 | D:2      | Found a hazy altar of Hepliaklqana.
  2028 | D:2      | Found a glowing silver altar of Zin.
  2074 | D:2      | Reached XP level 4. HP: 21/21 MP: 10/10
  2079 | D:2      | Learned a level 3 spell: Confuse
  2083 | D:2      | Learned a level 3 spell: Tukima's Dance
  2909 | D:3      | Found an ornate altar of the Wu Jian Council.
  2909 | D:3      | Found a burning altar of Makhleb.
  3379 | D:3      | Reached skill level 6 in Stealth
  3379 | D:3      | Reached XP level 5. HP: 19/24 MP: 2/11
  4025 | D:3      | Noticed an ogre
  4045 | D:3      | Slain by an ogre

Levels and vault maps discovered:
D:1:      tarquinn_simple_flora_water_e, layout_rooms, chequers_mini_garden,
          minmay_cut_off
D:2:      layout_loops_ring, overflow_temple_1_default, zin_scriptorium
D:3:      layout_loops_ring, overflow_temple_1_default,
          gammafunk_temple_overflow_wave, portal_sewer_entry_b

Skill      XL: |  1  2  3  4  5 |
---------------+----------------+-----
Hexes          | 4 |  4.9
Spellcasting   | 3 4 |  4.0
Stealth        | 5 6 |  6.1
Dodging        | 4 |  4.5
Short Blades   | |  1.1

Action                   |  1- 3 |  4- 6 || total
-------------------------+-------+-------++-------
Melee: Dagger            |   106 |    70 ||   176
Throw: Dart              |       |     1 ||     1
 Cast: Corona            |     6 |       ||     6
       Ensorcelled Hiber |    29 |    29 ||    58
       Tukima's Dance    |       |     6 ||     6
       Confuse           |       |     1 ||     1
 Stab: Sleeping          |    30 |    26 ||    56
       Confused          |       |     1 ||     1
  Eat: Ration            |       |     2 ||     2
Armor: Robe              |    12 |     5 ||    17
Dodge: Dodged            |   105 |    53 ||   158
